 Dungeon Crawl Stone Soup version 0.29-a0-341-g24ffce5b50 (webtiles) character file.

Game seed: 13152288682228749203

554 siradein the Ducker (level 7, -10/53 HPs)
             Began as a Demonspawn Gladiator on Apr 20, 2022.
             Mangled by an ogre
             ... wielding a +0 giant club
              (19 damage)
             ... on level 4 of the Dungeon.
             The game lasted 00:07:41 (4324 turns).

siradein the Ducker (Demonspawn Gladiator)          Turns: 4324, Time: 00:07:42

Health: -10/53     AC:  9    Str: 15    XL:     7   Next: 8%
Magic:  7/7        EV: 11    Int:  9    God:
Gold:   98         SH:  0    Dex: 18    Spells: 6/6 levels left

rFire   + . .      SeeInvis .   a - +0 long sword
rCold   . . .      Faith    .   (no shield)
rNeg    . . .      Spirit   .   t - +3 scale mail {rF+}
rPois   .          Reflect  .   (helmet restricted)
rElec   .          Harm     .   (no cloak)
rCorr   .          Rampage  .   (no gloves)
Will    .....                   (no boots)
Stlth   +.........              (no amulet)
HPRegen 0.17/turn               (no ring)
MPRegen 0.10/turn               (no ring)

@: lethally poisoned (-10 -> -25)
A: antennae 2, thin skeletal structure 1, demonic guardian 1
a: no special abilities


You were on level 4 of the Dungeon.
You visited 1 branch of the dungeon, and saw 4 of its levels.

You collected 126 gold pieces.
You spent 28 gold pieces at shops.

Inventory:

Hand Weapons
 a - a +0 long sword (weapon)
Missiles
 d - 3 throwing nets (quivered)
 e - a javelin
Armour
 t - a +3 scale mail of fire resistance (worn)
Jewellery
 b - a ring of ice
Scrolls
 c - a scroll of enchant armour
 h - 2 scrolls of blinking {unknown}
 j - a scroll of torment {unknown}
 k - a scroll of magic mapping {unknown}
 o - a scroll of fog {unknown}
 q - a scroll of vulnerability {unknown}
 r - a scroll of immolation {unknown}
Potions
 g - 2 potions of brilliance
 l - a potion of attraction {unknown}
 m - a potion of ambrosia {unknown}
 n - a potion of invisibility {unknown}
 p - 2 potions of curing {unknown}
 s - a potion of mutation {unknown}


   Skills:
 + Level 3.9 Fighting
 + Level 4.1 Long Blades
 - Level 3.1 Throwing
 + Level 2.8 Armour
 + Level 4.1 Dodging


You had 6 spell levels left.
You didn't know any spells.
Your spell library contained the following spells:

 Spells                   Type           Power      Damage    Failure   Level
 Blink                    Tloc           0%         N/A       93%         2
 Lesser Beckoning         Tloc           0%         N/A       99%         3
 Manifold Assault         Tloc           0%         N/A       100%        5


Dungeon Overview and Level Annotations

Branches:
Dungeon (4/15)
 Temple: D:4-7

Altars:
Ashenzari
Cheibriados
Trog
Vehumet

Shops:
D:3 ?

Annotations:
D:3 1 runed translucent door, Crazy Yiuf
D:4 Edmund


Innate Abilities, Weirdness & Mutations

You have a pair of antennae on your head.
You have a somewhat thin skeletal structure. (Dex +2, Stealth+)
A weak demonic guardian rushes to your aid.


Message History

You slash the orc!
You kill the orc!
Edmund the Younger comes into view.
He is wielding a +4 dire flail of venom.
You barely miss Edmund.
Edmund shouts!
You hear a shout!
Edmund closely misses you.
You hit Edmund.
Edmund is lightly wounded.
Edmund hits you but does no damage.
You are poisoned.
You slash Edmund!
Edmund is moderately wounded.
You feel very sick.
Edmund hits you with a +4 dire flail of venom.
You are more poisoned.
Edmund hits you with a +4 dire flail of venom!
You slash Edmund!
Edmund is severely wounded.
You feel very sick.
An ogre comes into view. It is wielding a +0 giant club.
Edmund hits you with a +4 dire flail of venom.
You are lethally poisoned!
You are too injured to fight recklessly!
You are too injured to fight recklessly!
You are too injured to fight recklessly!
You are too injured to fight recklessly!
You are too injured to fight recklessly!
You hit Edmund.
Edmund is severely wounded.
You feel extremely sick.
Edmund hits you with a +4 dire flail of venom.
* * * LOW HITPOINT WARNING * * *
You slash Edmund!
Edmund is almost dead.
* * * LOW HITPOINT WARNING * * *
You feel very sick.
Edmund says, "You wouldn't believe how much I paid for this flail."
Edmund barely misses you.
The ogre hits you with a +0 giant club!!
You die...

...# #.# .### #.#
.# #.# +#
#.#######
#.#.....$#
##.#####.#
###.###.#####
#.......@..###..
.......).@O......
##....#.###.#.#..
##.#.#.# #
###...# #.### +#
#. .# # .####
....#


You could see Edmund and an ogre.

Vanquished Creatures
  Sigmund (D:2)
  Menkaure (D:4)
  A sky beast (D:4)
  A jelly (D:4)
  Terence (D:3)
  Natasha (D:4)
  2 gnolls
  An adder (D:4)
  3 dart slugs
  2 orcs
  3 endoplasms
  2 giant cockroaches (D:1)
  4 goblins
  4 hobgoblins
  8 jackals
  A kobold (D:1)
  3 quokkas
  5 ball pythons
  2 bats
  3 frilled lizards
  4 rats
53 creatures vanquished.

Vanquished Creatures (collateral kills)
  A gnoll (D:3)
1 creature vanquished.

Grand Total: 54 creatures vanquished

Notes
Turn   | Place    | Note
-------+----------+-------------------------------------------
     0 | D:1      | siradein the Demonspawn Gladiator began the quest for the
                  | Orb.
     0 | D:1      | Reached XP level 1. HP: 16/16 MP: 1/1
   155 | D:1      | Gained mutation: You have a pair of small antennae on your
                  | head. [demonic ancestry]
   155 | D:1      | Reached XP level 2. HP: 21/22 MP: 2/2
   684 | D:1      | Gained mutation: You have a somewhat thin skeletal
                  | structure. (Dex +2, Stealth+) [demonic ancestry]
   684 | D:1      | Reached XP level 3. HP: 28/28 MP: 3/3
  1059 | D:2      | Found a radiant altar of Vehumet.
  1231 | D:2      | Noticed Sigmund
  1239 | D:2      | Reached skill level 1 in Armour
  1501 | D:2      | HP: 1/28 [Sigmund/+0 scythe (11)]
  1504 | D:2      | Killed Sigmund
  1505 | D:2      | Gained mutation: A weak demonic guardian rushes to your
                  | aid. [demonic ancestry]
  1505 | D:2      | Reached XP level 4. HP: 1/35 MP: 4/4
  1505 | D:2      | Reached XP level 5. HP: 2/41 MP: 5/5
  2347 | D:3      | Found a runed translucent door.
  2348 | D:3      | Noticed Crazy Yiuf
  2469 | D:3      | Noticed Terence
  2494 | D:3      | Killed Terence
  3248 | D:3      | Found Jukhlan's Magic Scroll Boutique.
  3254 | D:3      | Bought a scroll of identify for 28 gold pieces
  3465 | D:3      | Reached XP level 6. HP: 33/47 MP: 3/6
  3554 | D:3      | Found a bloodstained altar of Trog.
  3642 | D:4      | Noticed Menkaure
  3649 | D:4      | Killed Menkaure
  3829 | D:4      | Noticed a sky beast
  3842 | D:4      | Killed a sky beast
  3843 | D:4      | Gained mutation: You have a pair of antennae on your head.
                  | [demonic ancestry]
  3843 | D:4      | Reached XP level 7. HP: 53/53 MP: 7/7
  3905 | D:4      | Noticed Natasha
  3916 | D:4      | Killed Natasha
  4033 | D:4      | Found a snail-covered altar of Cheibriados.
  4034 | D:4      | Found a broken altar of Ashenzari.
  4316 | D:4      | Noticed Edmund
  4324 | D:4      | Mangled by an ogre

Illustrated notes

Levels and vault maps discovered:
D:1:      minmay_arrival_solitary_statue, layout_basic, minmay_tetromino_o2
D:2:      layout_basic, basic_altar, uniq_sigmund
D:3:      layout_loops_ring, trog_antimagical, serial_shops, shop_scrolls,
          uniq_crazy_yiuf_cottage, uniq_terence
D:4:      layout_loops_corners, nicolae_overflow_squiral, uniq_edmund,
          uniq_menkaure, uniq_natasha, uniq_grinder

Skill      XL: |  1  2  3  4  5  6 |
---------------+-------------------+-----
Throwing       | 2 3 |  3.1
Long Blades    | 3 4 |  4.1
Dodging        | 3 4 |  4.1
Armour         | 1 2 |  2.8
Fighting       | 3 |  3.9

Action                   |  1- 3 |  4- 6 |  7- 9 || total
-------------------------+-------+-------+-------++-------
Melee: Long sword        |    64 |   108 |    19 ||   191
       Punch             |       |       |     1 ||     1
  Use: Potion            |     1 |       |       ||     1
       Scroll            |       |     2 |       ||     2
 Stab: Sleeping          |     2 |     4 |       ||     6
       Distracted        |       |     1 |       ||     1
Armor: Plate armour      |     9 |       |       ||     9
       Leather armour    |    12 |    12 |       ||    24
       Scale mail        |       |    20 |     4 ||    24
Dodge: Dodged            |    40 |    70 |    10 ||   120

Table legend: (Time is in decaauts)
 A = Elapsed time spent in this place.
 B = Non-inter-level travel time spent in this place.
 C = Inter-level travel time spent in this place.
 D = Time resting spent in this place.
 E = Time spent auto-exploring this place.
 F = Levels seen in this place.
 G = Mean time per level.
                   A        B        C        D        E       F      G
               +--------+--------+--------+--------+--------+-----+--------+
         Total |   4367 |   4260 |    107 |      0 |   3715 |   4 | 1091.8 |
       Dungeon |   4367 |   4260 |    107 |      0 |   3715 |   4 | 1091.8 |
               +--------+--------+--------+--------+--------+-----+--------+

Top non-repeatable levels by time:
     D:3: 1354 daAuts
     D:2: 1255 daAuts
     D:1: 1067 daAuts
     D:4: 690 daAuts
